 Seeded DCSS version 0.30-a0-341-g682706514a (webtiles) character file.

Game seed: 7130546335830651708 (custom seed)

8712 purpskrrrp the Thaumaturge (level 11, 0/65 HPs)
             Began as a Djinni Fire Elementalist on Nov 5, 2022.
             Was a Believer of Makhleb.
             Slain by Harold
             ... wielding a +0 battleaxe
              (16 damage)
             ... on level 1 of the Lair of Beasts.
             The game lasted 00:45:29 (11718 turns).

purpskrrrp the Thaumaturge (DjFE)                  Turns: 11718, Time: 00:45:30

Health: 0/65       AC:  8    Str:  7    XL:     11   Next: 60%
Gold:   2414       EV: 10    Int: 25    God:    Makhleb [**....] SH:  0 Dex: 16

rFire   + + .      SeeInvis .    E - +3 halberd (venom)
rCold   x . .      Faith    .    (shield currently unavailable)
rNeg    . . .      Spirit   .    G - +0 troll leather armour
rPois   ∞          Reflect  +    M - +2 helmet
rElec   +          Harm     .    j - scarf {shadows}
rCorr   +          Rampage  .    i - +0 pair of gloves
Will    +....                    (boots unavailable)
Stlth   ++........               B - amulet of reflection
HPRegen 1.10/turn                g - +6 ring of dexterity
MPRegen 0.00/turn                I - ring "Yrhunibb" {rElec rCorr EV+4 Int+4 Dex-4}

@: marked, flying, held
A: sickness immunity, fire resistance 2, cold vulnerability 1, float, innate
caster, HP casting, extra vitality 1
a: Renounce Religion, Minor Destruction


You were on level 1 of the Lair of Beasts.
You worshipped Makhleb.
Makhleb was pleased with you.
You visited 3 branches of the dungeon, and saw 13 of its levels.
You also visited: Bailey.

You collected 2414 gold pieces.

Inventory:

Hand Weapons
 c - a +2 spear of venom
 h - a +1 whip of draining
 E - a +3 halberd of venom (weapon)
Missiles
 d - 3 throwing nets
Armour
 a - a +1 robe
 i - a +0 pair of gloves (worn)
 j - a scarf of shadows (worn)
 o - a +0 cloak
 y - a +0 helmet
 G - a +0 troll leather armour (worn)
 M - a +2 helmet (worn)
 N - a +3 plate armour of positive energy
Magical Staves
 s - a staff of death
Jewellery
 g - a +6 ring of dexterity (left hand)
 A - a +6 ring of dexterity
 B - an amulet of reflection (around neck)
 I - the ring "Yrhunibb" (right hand) {rElec rCorr EV+4 Int+4 Dex-4}
   (You found it on level 9 of the Dungeon)

   [ring of evasion]

   EV:        It affects your evasion (+4).
   Int:       It affects your intelligence (+4).
   Dex:       It affects your dexterity (-4).
   rElec:     It insulates you from electricity.
   rCorr:     It protects you from acid and corrosion.
Wands
 z - a wand of flame (30)
 C - a wand of acid (9)
 D - a wand of polymorph (5)
Scrolls
 l - 2 scrolls of silence
 n - a scroll of butterflies
 u - 4 scrolls of teleportation
 w - a scroll of amnesia
 L - a scroll of immolation
Potions
 b - a potion of brilliance
 f - 3 potions of might
 k - a potion of ambrosia
 m - 2 potions of resistance
 p - 3 potions of cancellation
 q - 3 potions of haste
 r - a potion of invisibility
 t - 6 potions of curing
 v - 2 potions of lignification
 K - 3 potions of mutation


   Skills:
 - Level 2.1 Dodging
 - Level 1.5 Stealth
 + Level 13.5 Spellcasting


You had 10 spell levels left.
You knew the following spells:

 Your Spells              Type           Power      Damage    Failure   Level
a - Foxfire               Conj/Fire      100%       2x1d9     1%          1
b - Scorch                Fire           100%       2d10      1%          2
c - Kindle Blastsparks    Fire/Tloc/Air  100%       2d18      1%          3
d - Inner Flame           Hex/Fire       71%        N/A       1%          3
e - Flame Wave            Conj/Fire      71%        2d16      1%          4
f - Freeze                Ice            100%       1d10      1%          1
g - Poisonous Vapours     Pois/Air       100%       N/A       1%          2
h - Tukima's Dance        Hex            71%        N/A       1%          3
i - Call Canine Familiar  Summ           71%        N/A       1%          3
j - Alistair's Intoxicat  Tmut/Pois      47%        N/A       1%          5
Your spell library was empty.

Dungeon Overview and Level Annotations

Branches:
Dungeon (11/15)            Temple (1/1) D:6            Lair (1/5) D:8
    Orc (0/2) D:10         Bailey (visited)

Altars:
Ashenzari
Cheibriados
Dithmenos
Elyvilon
Fedhas
Gozag
Hepliaklqana
Makhleb
Nemelex Xobeh
Okawaru
Qazlal
Ru
Trog
Uskayaw
Wu Jian
Xom
Yredelemnul
Zin
The Shining One

Shops:
D:4 [   D:10 [(

Annotations:
D:8 Erica
Lair:1 Harold


Innate Abilities, Weirdness & Mutations

You are immune to sickness and miasma.
You are immune to poison.
Your flesh is very heat resistant. (rF++)
You are vulnerable to cold. (rC-)
You float through the air rather than walking.
You learn spells naturally, not from books.
Your magical power is your life essence.
You have superior vitality. (+4 MHP)


Message History

The wyvern is almost dead.
The flame wave engulfs Harold!
Harold is moderately wounded.
The wyvern closely misses you. The wyvern bites you!
Harold throws a throwing net.
The throwing net hits you.
You become entangled in the net!
The wyvern misses you.
A wave of flame ripples out!
The flame wave engulfs the komodo dragon!
The komodo dragon is severely wounded.
The flame wave engulfs the wyvern.
You kill the wyvern!
Makhleb accepts your kill.
You feel better.
The flame wave engulfs the wyvern!!
You kill the wyvern!
Makhleb accepts your kill.
You feel better.
The flame wave engulfs Harold!
Harold is heavily wounded.
You finish channelling waves of flame.
The komodo dragon bites you.
Casting: Flame Wave (safe; 1% risk of failure)
Confirm with . or Enter, or press ? or * to list all spells.
Casting: Flame Wave (safe; 1% risk of failure)
Press: ? - help, Dir - look around, f - activate A wave of flame ripples out!
The flame wave engulfs the komodo dragon!
The komodo dragon is almost dead.
The flame wave engulfs Harold!!
Harold is severely wounded. (Press . to intensify the flame waves.)
The komodo dragon bites you!
* * * LOW HITPOINT WARNING * * *
Harold drinks a potion.
Harold is healed!
A wave of flame ripples out!
The flame wave engulfs the komodo dragon!
You kill the komodo dragon!
Makhleb accepts your kill.
The flame wave engulfs Harold!
Harold is severely wounded.
* * * LOW HITPOINT WARNING * * *
Harold hits you with a +0 battleaxe!
You die...

.... .. ..8.
... ... .P#
..##.# ..
##....##.
8../#††@.....
.....†@.†....
..8..†††....(
............(
8...#.......$
.....#.......
##........P..
. ...#......


You could see Harold.

Vanquished Creatures
  A two-headed ogre (D:10)
  The ghost of themarg the Destroyer, a novice DrCj of Sif Muna (D:7)
  2 cane toads (Lair:1)
  2 komodo dragons (Lair:1)
  3 trolls
  5 blink frogs (Lair:1)
  Grinder (D:4)
  A vampire (D:10)
  A wraith (D:9)
  A shadow (D:9)
  2 wyverns (Lair:1)
  2 basilisks (Lair:1)
  A steam dragon (D:10)
  Menkaure (D:4)
  3 water moccasins
  2 ice beasts (D:7)
  2 black bears
  5 orc warriors
  A sky beast (D:7)
  An ogre (D:5)
  A centaur (D:7)
  4 kobold brigands (Bailey)
  5 bullfrogs
  3 gnoll sergeants
  2 necrophages
  2 scorpions
  3 wights (D:8)
  A howler monkey (D:5)
  An orc priest (D:4)
  5 hounds
  A gnoll bouda (D:8)
  4 jellies
  3 iguanas
  6 orc wizards
  22 gnolls
  13 adders
  2 white imps (D:7)
  An ufetubus (D:7)
  A dart slug (D:2)
  26 orcs
  A bat (D:3)
  19 endoplasms
  3 giant cockroaches
  10 hobgoblins
  20 kobolds
  5 ball pythons
  A frilled lizard (D:1)
  6 goblins
  2 rats
211 creatures vanquished.

Vanquished Creatures (collateral kills)
  An orc warrior (Bailey)
  2 kobold brigands (Bailey)
  2 kobolds
5 creatures vanquished.

Vanquished Creatures (others)
  477 foxfires
  14 fungi
  27 plants
  4 toadstools (D:4)
522 creatures vanquished.

Grand Total: 738 creatures vanquished

Notes
Turn   | Place    | Note
-------+----------+-------------------------------------------
     0 | D:1      | purpskrrrp the Djinni Fire Elementalist began the quest for
                  | the Orb.
     0 | D:1      | purpskrrrp set off with the following spells memorised:
                  | Foxfire, Scorch, Kindle Blastsparks, Inner Flame, Flame
                  | Wave.
     0 | D:1      | Reached XP level 1. HP: 15/15 MP: 0/0
    92 | D:1      | Reached XP level 2. HP: 17/21 MP: 0/0
   395 | D:1      | Reached skill level 3 in Spellcasting
   667 | D:1      | Identified a scroll of acquirement
   667 | D:1      | Acquired 729 gold pieces
  1034 | D:2      | Reached XP level 3. HP: 20/25 MP: 0/0
  1034 | D:2      | Learned a level 1 spell: Freeze
  1070 | D:2      | Reached XP level 4. HP: 24/31 MP: 0/0
  2066 | D:3      | Reached skill level 4 in Spellcasting
  2150 | D:3      | Reached XP level 5. HP: 33/35 MP: 0/0
  2150 | D:3      | Learned a level 2 spell: Poisonous Vapours
  2626 | D:3      | Found a faded altar of an unknown god.
  2830 | D:4      | Noticed Menkaure
  2930 | D:4      | Reached XP level 6. HP: 35/40 MP: 0/0
  2937 | D:4      | Reached skill level 5 in Spellcasting
  3151 | D:4      | Noticed Grinder
  3166 | D:4      | Killed Grinder
  3167 | D:4      | Reached skill level 6 in Spellcasting
  3167 | D:4      | Reached XP level 7. HP: 29/45 MP: 0/0
  3167 | D:4      | Learned a level 3 spell: Tukima's Dance
  3348 | D:4      | Killed Menkaure
  3482 | D:4      | Found a blossoming altar of Fedhas.
  3489 | D:4      | Found a glowing silver altar of Zin.
  3505 | D:4      | Reached XP level 8. HP: 46/50 MP: 0/0
  3535 | D:4      | Found Cake's Armour Emporium.
  3615 | D:4      | Reached skill level 7 in Spellcasting
  3944 | D:4      | Found a hazy altar of Hepliaklqana.
  4004 | D:5      | Entered Level 5 of the Dungeon
  4297 | D:5      | Found an iron altar of Okawaru.
  5125 | D:6      | Reached skill level 8 in Spellcasting
  5591 | D:6      | Found a staircase to the Ecumenical Temple.
  5596 | D:6      | Reached XP level 9. HP: 51/55 MP: 0/0
  5596 | D:6      | Learned a level 3 spell: Call Canine Familiar
  5717 | Temple   | Entered the Ecumenical Temple
  5880 | Temple   | Became a worshipper of Makhleb the Destroyer
  6240 | D:7      | Reached skill level 9 in Spellcasting
  6370 | D:7      | Found a large runed translucent door.
  6370 | D:7      | Found a large runed translucent door.
  6375 | D:7      | Noticed themarg's ghost (novice DrCj)
  7061 | D:7      | Found a shadowy altar of Dithmenos.
  7401 | D:7      | Killed themarg's ghost
  7402 | D:7      | Reached skill level 10 in Spellcasting
  7402 | D:7      | Reached XP level 10. HP: 33/60 MP: 0/0
  8118 | D:8      | Found a flagged portal.
  8120 | D:8      | Reached * piety under Makhleb
  8127 | Bailey   | Entered a bailey
  8245 | Bailey   | Reached skill level 11 in Spellcasting
  8333 | Bailey   | Found a bloodstained altar of Trog.
  8864 | D:8      | Found an ornate altar of the Wu Jian Council.
  8911 | D:8      | Found an opulent altar of Gozag.
  8973 | D:8      | Found a staircase to the Lair.
  9197 | D:8      | Noticed Erica
 10052 | D:9      | Found a shimmering altar of Xom.
 10057 | D:9      | Found a shimmering altar of Xom.
 10057 | D:9      | Found a shimmering altar of Xom.
 10057 | D:9      | Found a shimmering altar of Xom.
 10057 | D:9      | Found a shimmering altar of Xom.
 10059 | D:9      | Found a shimmering altar of Xom.
 10060 | D:9      | Found a shimmering altar of Xom.
 10418 | D:9      | Identified the ring "Yrhunibb" {rElec rCorr EV+4 Int+4
                  | Dex-4}
 10533 | D:10     | Entered Level 10 of the Dungeon
 10594 | D:10     | Reached skill level 12 in Spellcasting
 10842 | D:10     | Found Pudwayp's Weapon Shoppe.
 10844 | D:10     | Found a staircase to the Orcish Mines.
 10846 | D:10     | Found Saicaul's Armour Shoppe.
 11143 | D:10     | Noticed a two-headed ogre
 11152 | D:10     | Killed a two-headed ogre
 11153 | D:10     | Reached XP level 11. HP: 45/65 MP: 0/0
 11153 | D:10     | Learned a level 5 spell: Alistair's Intoxication
 11395 | D:11     | Noticed a boulder beetle
 11395 | D:11     | Noticed a deep elf pyromancer
 11395 | D:11     | Noticed a skeletal warrior
 11395 | D:11     | Noticed a tengu warrior
 11395 | D:11     | Noticed an ogre mage
 11396 | D:11     | Noticed a rakshasa
 11396 | D:11     | Noticed a manticore
 11697 | Lair:1   | Entered Level 1 of the Lair of Beasts
 11705 | Lair:1   | Reached skill level 13 in Spellcasting
 11705 | Lair:1   | Reached ** piety under Makhleb
 11705 | Lair:1   | Noticed Harold
 11718 | Lair:1   | Slain by Harold

Illustrated notes

Levels and vault maps discovered:
D:1:      dpeg_arrival_refuge, layout_basic
D:2:      layout_basic
D:3:      layout_rooms, nicolae_vehumet_radiance,
          shapermc_ecumenical_altar_petra
D:4:      cheibrodos_fertilizer, layout_basic, nicolae_hepliaklqana_hazy_memory,
          grunt_temple_overflow_open, kennysheep_windowed_goal, uniq_menkaure,
          uniq_grinder
D:5:      layout_loops_corners, okawaru_ov_weapons_minmay, serial_glass,
          glass_columns_a, glass_columns_c, glass_columns_b, glass_columns_a,
          chequers_serial_rivers_micro_c, grunt_decor_clamped
D:6:      layout_basic, minmay_temple_entry_junction_2, grunt_ministairs_9,
          hangedman_decor_riveting
D:7:      layout_basic, mainiacjoe_overflow_paths, ebering_ghost_disaster_area
D:8:      layout_basic, grunt_gozag_breadcrumbs,
          nicolae_wu_jian_immortal_techniques, dpeg_oklobed_lair,
          enter_bailey_4, uniq_erica
D:9:      minmay_weird_star, layout_long_grid, xom_redecorated
D:10:     layout_roguey, orc_david_3, kennysheep_generic_room_15
D:11:     minmay_ambush_box, layout_stronghold
Temple:   hc_temple_tempest_star
Lair:1:   layout_big_grid, serial_bayou_shore_b, infiniplex_staircase_pool_2,
          lemuel_fruit_tree, grunt_megastairs_4, uniq_harold

Skill      XL: |  1  2  3  4  5  6  7  8  9 10 11 |
---------------+----------------------------------+-----
Spellcasting   | 3 4 6 8 10 12 13 | 13.5
Dodging        | |  2.1
Stealth        | |  1.5

Action                   |  1- 3 |  4- 6 |  7- 9 | 10-12 || total
-------------------------+-------+-------+-------+-------++-------
Melee: Unarmed           |     6 |       |       |       ||     6
       Whip              |     2 |     8 |    16 |       ||    26
       Spear             |       |       |    32 |    21 ||    53
       Halberd           |       |       |       |    36 ||    36
 Cast: Foxfire           |    40 |    87 |   108 |    81 ||   316
       Scorch            |     7 |    16 |    35 |    50 ||   108
       Kindle Blastspark |       |     2 |     2 |     4 ||     8
       Flame Wave        |       |       |     7 |    12 ||    19
       Tukima's Dance    |       |       |     1 |     2 ||     3
       Call Canine Famil |       |       |     1 |     4 ||     5
       Inner Flame       |       |       |     1 |     2 ||     3
  Use: Scroll            |     5 |     6 |     3 |    16 ||    30
       Potion            |       |       |     1 |     1 ||     2
 Stab: Sleeping          |       |       |     1 |     1 ||     2
Armor: Robe              |     1 |     2 |    12 |     5 ||    20
       Troll leather arm |       |       |       |     5 ||     5
Dodge: Dodged            |     8 |     4 |    45 |    37 ||    94
Block: Other             |       |       |       |    17 ||    17
       Reflection        |       |       |       |     1 ||     1

Table legend: (Time is in decaauts)
 A = Elapsed time spent in this place.
 B = Non-inter-level travel time spent in this place.
 C = Inter-level travel time spent in this place.
 D = Time resting spent in this place.
 E = Time spent auto-exploring this place.
 F = Levels seen in this place.
 G = Mean time per level.
                   A        B        C        D        E       F      G
               +--------+--------+--------+--------+--------+-----+--------+
         Total |  11744 |  10920 |    824 |   1410 |   7474 |  14 |  838.9 |
       Dungeon |  11305 |  10496 |    809 |   1404 |   7297 |  11 | 1027.7 |
        Temple |    179 |    164 |     15 |      0 |     87 |   1 |  179.0 |
          Lair |     20 |     20 |      0 |      0 |      0 |   1 |   20.0 |
        Bailey |    238 |    238 |      0 |      6 |     90 |   1 |  238.0 |
               +--------+--------+--------+--------+--------+-----+--------+

Top non-repeatable levels by time:
     D:7: 1834 daAuts
     D:8: 1402 daAuts
     D:2: 1302 daAuts
     D:9: 1152 daAuts
     D:4: 1149 daAuts
     D:5: 1117 daAuts
    D:10: 918 daAuts
     D:6: 870 daAuts
     D:3: 791 daAuts
     D:1: 759 daAuts
  Bailey: 238 daAuts
  Temple: 179 daAuts
  Lair:1: 20 daAuts
    D:11: 5 daAuts
